 Dungeon Crawl Stone Soup version 0.17-a0-1404-gb8113a6 (console) character file.

25 Fusha the Ducker (level 2, -1/12 HPs)
             Began as a Felid Transmuter on June 21, 2015.
             Slain by a hound (5 damage)
             ... on level 2 of the Dungeon.
             The game lasted 00:02:55 (1163 turns).

Fusha the Ducker (Felid Transmuter)                 Turns: 1163, Time: 00:02:55

Health: -1/12      AC:  1    Str:  6    XL:     2   Next: 82%
Magic:  4/6        EV: 18    Int: 14    God:
Gold:   45         SH:  0    Dex: 16    Spells: 1 memorised, 4 levels left
                                        Lives:  0   Deaths: 0

rFire  . . .     SeeInvis +       - Unarmed
rCold  . . .     Clarity  .     (armour unavailable)
rNeg   + . .     SustAt   .     (shield unavailable)
rPois  .         Gourm    .     (helmet unavailable)
rElec  .         Spirit   .     (cloak unavailable)
rCorr  .         Warding  .     (gloves unavailable)
rMut   .         Stasis   .     (boots unavailable)
MR     .....                    (no amulet)
Stlth  ++........               (no ring)
                                n - ring of positive energy

@: appendage, very slightly contaminated, quick, not resistant to hostile
enchantments, unstealthy
A: no armour, no weapons or thrown items, claws 1, fangs 3, horns 2, see
invisible, carnivore 3, speed 1, shaggy fur 1, slow metabolism 1, sharp paws
a: End Transformation


You were on level 2 of the Dungeon.
You were not hungry.
You had grown temporary horns.
You visited 1 branch of the dungeon, and saw 2 of its levels.

You collected 45 gold pieces.

Inventory:

Missiles
 a - 12 arrows
Jewellery
 n - a ring of positive energy (left paw)
Scrolls
 d - a scroll of fear {unknown}
 e - 2 scrolls of identify {unknown}
 h - 2 scrolls of remove curse {unknown}
 i - a scroll of magic mapping {unknown}
 j - a scroll of recharging {unknown}
Potions
 f - a potion of mutation {unknown}
 g - a potion of agility {unknown}
 k - a potion of poison {unknown}
 l - a potion of brilliance {unknown}
 m - a potion of magic {unknown}
Books
 b - a book of Changes

   Spells                             Type                      Level
   a - Beastly Appendage              Transmutation                1
   b - Sticks to Snakes               Transmutation                2
   c - Spider Form                    Transmutation/Poison         3
   d - Ice Form                       Ice/Transmutation            4
   e - Blade Hands                    Transmutation                5
Comestibles
 c - a meat ration


   Skills:
 + Level 1.2 Fighting
 * Level 3.3 Dodging
 * Level 3.3 Unarmed Combat
 + Level 2.2 Spellcasting
 + Level 2.4 Transmutations


You had 4 spell levels left.
You knew the following spells:

 Your Spells              Type           Power        Failure   Level  Hunger
a - Beastly Appendage     Trmt           #.....       12%         1    #......


Dungeon Overview and Level Annotations

Branches:
Dungeon (2/15)

Altars:


Innate Abilities, Weirdness & Mutations

You cannot wear armour.
You are incapable of wielding weapons or throwing items.
You have sharp claws.
You have razor-sharp teeth.
You have supernaturally acute eyesight.
You are carnivorous and can eat meat at any time.
You cover ground quickly.
You are covered in fur (AC +1).
You have a slow metabolism.
Your sharp claws are effective at attacking unaware monsters.
You have a pair of horns on your head.


Message History

You scratch the hound.
The hound begins to bleed from its wounds!
The hound is moderately wounded.
The hound misses you.
You scratch the hound but do no damage.
The hound is moderately wounded.
The hound completely misses you. The hound closely misses you.
You barely miss the hound. Your bite misses the hound.
The hound is moderately wounded.
The hound misses you.
You miss the hound. Your headbutt misses the hound. Your claw misses the hound.
The hound is moderately wounded.
The hound misses you. The hound closely misses you.
You scratch the hound but do no damage.
The hound is moderately wounded.
The hound completely misses you.
You barely miss the hound.
The hound is moderately wounded.
The hound bites you.
You die...

#.#(###
#.#####..>#
#.... ###
#...#
###.###
######.##
#.....#
####.......#
#.###.#
#.....###..#
#.# #.#
#.###.#....)
#.###.# #.#
#..#.#..
#...h.#
#.###.......
###@###
#.....#####.
#.# #######
##. #.# #..
#.#### #.#
#.##.######
#.#
#.........#
#.#
####.####)#
#.# ###
#.######.#
#........#


You could see a hound (bleeding).

Vanquished Creatures
  4 bats (D:1)
  A goblin (D:1)
  2 hobgoblins (D:1)
  4 jackals
  3 giant cockroaches (D:1)
  3 giant newts (D:1)
  3 kobolds
  2 rats (D:1)
22 creatures vanquished.

Notes
Turn   | Place    | Note
--------------------------------------------------------------
     0 | D:1      | Fusha the Felid Transmuter began the quest for the Orb.
     0 | D:1      | Reached XP level 1. HP: 9/9 MP: 4/4
   203 | D:1      | Reached XP level 2. HP: 12/12 MP: 6/6
  1163 | D:2      | Slain by a hound

Vault maps used:
D:1:      dpeg_arrival_lava_temple_mockup
D:2:      first_bread, makhleb_blood_cavern_becter

Action                   || total
-------------------------++-------
Melee: Unarmed           ||    58
 Cast: Beastly Appendage ||     1
 Stab: Sleeping          ||     5
  Eat: Chunk             ||     3
